Map: Pillars of Gold LE

Players

Maru

  • Race: Terran Terran
  • League: Master
  • Spawn Location: 1:00

Solar - Winner!

  • Race: Zerg Zerg
  • League: Grandmaster
  • Spawn Location: 7:00

Event: ASUS ROG Online 2020

VOD

Have the link to the VOD?

Description

Time

  • Played on: Nov. 28, 2020, 9:41 a.m.
  • Length: 15:03

All games in this series

Show
View Real Time Build Order
Export as new Build Order

Maru Terran 

Build Orders: Reaper Expand, Hellion Banshee 

Get SALT Encoding   

  12  0:00  SCV  
  13  0:12  SCV  
  14  0:17  Supply Depot  
  14  0:24  SCV  
  15  0:39  SCV  
  15  0:40  Barracks  
  16  0:45  Refinery  
  16  0:51  SCV  
  17  1:03  SCV  
  18  1:15  SCV  
  19  1:27  Orbital Command, Reaper  
  20  1:42  Command Center  
  20  1:53  SCV  
  21  1:57  Supply Depot  
  21  1:59  Marine  
  22  2:05  SCV  
  23  2:11  Factory  
  23  2:19  SCV, Refinery  
  23  2:22  Barracks Reactor  
  24  2:31  SCV  
  25  2:43  SCV  
  26  2:55  SCV  
  26  2:56  Orbital Command  
  26  2:57  Starport  
  27  3:06  Hellion x2  
  27  3:07  SCV  
  27  3:10  Marine  
  33  3:19  SCV  
  34  3:20  Supply Depot  
  34  3:23  SCV  
  35  3:28  Hellion x2  
  35  3:31  SCV, Marine  
  35  3:32  Medivac  
  43  3:38  Armory  
  43  3:39  SCV  
  44  3:43  Supply Depot  
  44  3:48  Marine  
  44  3:52  Hellion  
  44  3:53  Hellion  
  44  3:54  SCV  
  44  3:55  SCV  
  51  4:03  Starport Tech Lab  
  51  4:07  Barracks Tech Lab  
  51  4:13  Hellion  
  51  4:14  Hellion  
  51  4:15  SCV  
  51  4:16  SCV  
  57  4:20  Cloaking Field  
  57  4:21  Banshee  
  60  4:36  Command Center  
  60  4:38  SCV  
  61  4:42  SCV  
  62  4:51  Supply Depot  
  61  4:56  Hellion x2, SCV  
  61  5:01  Marine  
  61  5:02  Stimpack  
  61  5:06  SCV  
  52  5:07  Banshee  
  52  5:11  SCV  
  54  5:18  Barracks, Hellion x2, SCV  
  54  5:20  Barracks  
  59  5:23  SCV  
  59  5:25  Marine  
  61  5:30  SCV  
  63  5:35  SCV  
  63  5:37  Engineering Bay  
  63  5:38  Engineering Bay  
  63  5:43  SCV  
  63  5:44  Marine  
  63  5:46  Refinery  
  63  5:47  Factory Reactor, SCV  
  66  5:52  Orbital Command  
  66  5:55  SCV  
  67  5:59  Starport Reactor  
  67  6:01  SCV  
  67  6:02  Marine  
  69  6:07  Barracks Reactor  
  69  6:08  Barracks  
  70  6:11  SCV  
  70  6:12  Terran Infantry Armor Level 1, Terran Infantry Weapons Level 1  
  70  6:13  Barracks  
  70  6:16  SCV  
  71  6:25  Marine  
  71  6:26  Marine  
  71  6:27  Orbital Command, SCV  
  71  6:29  SCV  
  71  6:31  Supply Depot  
  71  6:32  Refinery  
  75  6:35  Medivac x2  
  79  6:41  SCV x2  
  79  6:42  Supply Depot, Marine  
  79  6:43  Marine  
  83  6:50  Supply Depot  
  83  6:52  Siege Tank  
  86  6:58  Barracks Reactor  
  86  6:59  Combat Shield  
  86  7:01  SCV x3  
  89  7:09  Marine x5  
  89  7:12  Hellion x6  
  89  7:13  SCV x2  
  96  7:16  Supply Depot  
  96  7:17  SCV  
  96  7:19  Marine  
  96  7:20  Marine  
  99  7:23  Medivac  
  99  7:25  SCV  
  99  7:26  Marine  
  99  7:28  Siege Tank  
  106  7:33  Supply Depot, SCV  
  107  7:42  Marine x6  
  113  7:47  Armory, SCV  
  113  7:48  Supply Depot  
  114  7:54  Barracks  
  114  7:55  Barracks  
  114  7:58  Barracks  
  114  8:01  SCV  
  114  8:04  Siege Tank  
  118  8:06  Marine x2  
  118  8:07  Marine x4  
  123  8:16  SCV  
  123  8:19  SCV  
  121  8:21  SCV  
  121  8:22  Marine x2  
  121  8:23  Marine  
  121  8:24  Terran Infantry Armor Level 2, Terran Infantry Weapons Level 2  
  115  8:28  SCV  
  115  8:30  Supply Depot  
  115  8:31  SCV  
  115  8:43  Marine x3  
  115  8:48  Missile Turret x2  
  116  8:54  Marine x4  
  118  8:55  Missile Turret  
  118  8:56  Marine x5  
  118  9:00  Medivac x2  
  118  9:01  Marine x3  
  130  9:03  SCV  
  130  9:08  Supply Depot x2  
  131  9:12  Marine  
  132  9:18  Marine x9  
  141  9:24  Supply Depot  
  141  9:27  Supply Depot  
  141  9:29  Marine  
  141  9:31  Siege Tank  
  145  9:34  Supply Depot  
  145  9:35  Supply Depot  
  145  9:37  Marine x5  
  150  9:40  Medivac  
  150  9:42  Medivac  
  154  9:48  Marine x5  
  159  10:03  Siege Tank, Marine  
  159  10:04  Marine  
  159  10:05  Marine  
  159  10:06  Supply Depot, Marine x3  
  168  10:10  Medivac  
  170  10:16  Marine x6  
  176  10:25  Marine x2  
  176  10:26  Marine  
  179  10:30  Marine x3  
  179  10:34  Marine  
  179  10:35  Siege Tank  
  186  10:40  Marine x5  
  191  10:43  Marine  
  191  10:46  Medivac x2  
  191  10:49  Marine  
  197  10:54  Marine  
  183  11:00  Marine  
  183  11:01  Marine  
  183  11:02  Marine x3  
  183  11:03  Terran Infantry Weapons Level 3  
  135  11:05  Marine  
  135  11:07  Siege Tank  
  135  11:10  Marine x2  
  131  11:21  Marine  
  131  11:24  Marine  
  131  11:25  Marine x8  
  131  11:28  Marine  
  131  11:31  Marine  
  126  11:39  Siege Tank  
  115  11:41  Marine  
  115  11:42  Marine x3, Terran Infantry Armor Level 3  
  115  11:43  Marine x3  
  117  11:47  SCV  
  117  11:50  SCV  
  106  11:55  Marine x5  
  106  11:59  Marine  
  106  12:00  Marine x2  
  114  12:07  Liberator x2  
  120  12:10  Marine x4  
  120  12:11  Siege Tank  
  120  12:13  Marine x4  
  131  12:20  Marine x4  
  135  12:28  Marine x4  
  135  12:31  Marine x2  
  135  12:35  Marine  
  135  12:36  Marine  
  137  12:38  Marine x4  
  137  12:43  Thor  
  147  12:46  Marine x3  
  147  12:47  Marine  
  147  12:48  Marine  
  147  12:49  Marine  
  147  12:50  Medivac x2  
  157  12:54  Marine x2  
  157  12:55  Marine  
  157  12:56  Marine x2  
  162  13:00  Marine  
  162  13:03  Marine  
  122  13:07  Marine x4  
  119  13:13  Marine x2  
  119  13:14  Marine  
  119  13:15  Barracks Tech Lab  
  119  13:16  Barracks Tech Lab x2  
  119  13:17  SCV  
  119  13:18  SCV x2, Marine  
  119  13:19  Command Center  
  123  13:20  Medivac x2  
  123  13:26  Refinery x2  
  130  13:28  Thor  
  130  13:29  Concussive Shells, SCV  
  130  13:30  SCV  
  130  13:31  Marine x3  
  138  13:37  Marauder x4  
  146  13:47  Marine x5  
  151  13:54  Marine  
  152  13:58  Marauder x3  
  152  13:59  Medivac, Marauder  
  162  14:03  Marine x2  
  162  14:04  Marine  
  162  14:08  Marine  
  162  14:09  Marine x3  
  169  14:15  Thor  
  175  14:21  Marauder x2, Marine  
  180  14:31  Marauder x2, Marine x3  
  184  14:32  Marine  
Show
View Real Time Build Order
Export as new Build Order

Solar Zerg - Winner!

Build Orders: Hatch First, Muta Ling Bane 

Get SALT Encoding   

  12  0:00  Drone  
  13  0:12  Overlord  
  13  0:17  Drone  
  14  0:30  Drone  
  14  0:31  Drone  
  16  0:49  Hatchery  
  15  0:53  Drone  
  15  0:56  Drone  
  17  0:59  Drone  
  18  1:09  Extractor  
  17  1:16  Spawning Pool  
  17  1:18  Drone  
  17  1:21  Drone  
  18  1:28  Drone  
  19  1:38  Drone  
  20  1:51  Drone  
  21  2:02  Zergling x4  
  21  2:03  Queen x2  
  27  2:12  Overlord  
  27  2:13  Drone  
  28  2:26  Hatchery  
  28  2:29  Drone  
  28  2:31  Drone  
  29  2:40  Spore Crawler  
  28  2:45  Queen  
  28  2:46  Metabolic Boost  
  28  2:50  Drone  
  32  2:53  Overlord  
  32  2:56  Drone  
  34  2:58  Drone  
  34  3:01  Drone  
  34  3:03  Drone  
  36  3:11  Drone  
  36  3:12  Drone x2  
  39  3:13  Drone  
  39  3:15  Drone  
  41  3:21  Queen  
  41  3:25  Overlord  
  41  3:27  Drone  
  44  3:34  Overlord  
  44  3:38  Queen  
  44  3:39  Drone  
  44  3:41  Drone x2  
  48  3:44  Zergling x2  
  48  3:45  Zergling x2  
  48  3:47  Drone  
  52  3:49  Drone  
  52  3:50  Zergling x2  
  52  3:54  Drone x2  
  56  3:56  Zergling x2  
  56  3:59  Queen  
  56  4:02  Overlord  
  59  4:07  Drone x3  
  62  4:10  Overlord  
  62  4:17  Overlord, Spore Crawler  
  62  4:21  Spore Crawler  
  62  4:22  Extractor, Drone x2  
  61  4:25  Queen  
  61  4:29  Drone x2  
  61  4:30  Drone  
  66  4:33  Zergling x2  
  66  4:37  Evolution Chamber  
  67  4:38  Zergling x6  
  67  4:42  Zergling x4  
  67  4:45  Zergling x4  
  72  4:51  Zergling x2  
  72  4:52  Zergling x4  
  73  4:54  Queen  
  65  5:03  Zergling x2  
  65  5:05  Zergling x8  
  64  5:08  Drone x2  
  64  5:09  Drone x3  
  64  5:10  Queen  
  64  5:13  Queen  
  73  5:18  Drone  
  73  5:20  Drone  
  75  5:23  Zerg Ground Armor Level 1  
  75  5:24  Drone  
  75  5:25  Evolution Chamber  
  75  5:29  Drone x2  
  75  5:30  Drone  
  75  5:31  Lair  
  78  5:36  Drone  
  78  5:38  Spore Crawler, Drone  
  78  5:39  Extractor  
  78  5:40  Drone  
  78  5:42  Drone  
  79  5:43  Drone x2  
  79  5:48  Baneling Nest  
  79  5:49  Extractor, Drone x2  
  81  5:52  Extractor  
  81  5:54  Overlord  
  81  5:55  Extractor, Queen  
  81  5:58  Zerg Melee Weapons Level 1  
  81  5:59  Overlord  
  81  6:00  Overlord  
  81  6:05  Overlord  
  81  6:12  Overlord  
  81  6:14  Zergling x8  
  81  6:16  Zergling x2  
  86  6:18  Zergling x6  
  86  6:21  Drone  
  86  6:22  Drone x2  
  86  6:24  Drone  
  86  6:25  Drone  
  93  6:29  Drone  
  93  6:30  Overseer  
  93  6:32  Spire  
  93  6:35  Drone x4  
  96  6:44  Centrifical Hooks, Drone  
  96  6:47  Drone  
  96  6:48  Drone  
  96  6:49  Drone x2  
  96  6:51  Baneling x4  
  98  6:55  Drone  
  98  7:00  Drone x2  
  100  7:02  Drone x2  
  100  7:08  Zergling x8  
  106  7:12  Overlord x3  
  105  7:16  Zergling x6  
  105  7:17  Baneling x2  
  105  7:18  Baneling  
  105  7:22  Hatchery  
  107  7:27  Zergling x2  
  107  7:28  Zergling x4  
  110  7:35  Baneling x4  
  110  7:40  Zergling x14  
  110  7:41  Overlord  
  117  7:44  Zergling x4  
  117  7:46  Overlord  
  117  7:47  Zergling x4  
  120  7:54  Mutalisk x2  
  120  7:55  Zerg Ground Armor Level 2  
  120  7:56  Zerg Melee Weapons Level 2  
  124  7:58  Overseer  
  124  8:01  Mutalisk x2  
  124  8:04  Mutalisk  
  130  8:12  Drone x2  
  131  8:13  Zergling x4  
  131  8:18  Zergling x4  
  125  8:21  Mutalisk x2  
  125  8:23  Drone  
  117  8:30  Mutalisk x2  
  118  8:35  Zergling x2  
  118  8:36  Zergling x2  
  118  8:39  Zergling x6, Zerg Flyer Weapons Level 1  
  118  8:41  Baneling x3  
  123  8:43  Zergling x2, Extractor  
  123  8:44  Baneling  
  123  8:45  Zergling x6, Baneling  
  126  8:51  Zergling x2  
  126  8:54  Baneling x2  
  126  8:55  Baneling  
  127  8:58  Zergling x10  
  133  9:03  Mutalisk x2  
  133  9:06  Zergling x12  
  133  9:09  Overlord  
  143  9:11  Zergling x2  
  143  9:12  Zergling x4  
  143  9:16  Zergling x4  
  148  9:21  Zergling x4  
  150  9:26  Overlord  
  150  9:28  Zergling x8  
  150  9:29  Baneling x9  
  150  9:30  Baneling x10  
  154  9:34  Zergling x12  
  154  9:37  Baneling x4  
  160  9:38  Zergling x4  
  160  9:39  Zergling x2  
  160  9:41  Baneling x3  
  160  9:42  Hatchery  
  160  9:44  Drone x3  
  165  9:51  Zergling x4  
  165  9:52  Zergling x4  
  169  9:56  Zergling x4  
  171  10:00  Zergling x2  
  171  10:01  Overlord  
  171  10:02  Baneling x4  
  171  10:03  Zergling x2, Baneling x9  
  171  10:04  Zergling x4  
  175  10:07  Zergling x6  
  175  10:11  Zergling x2  
  175  10:12  Zergling x8  
  175  10:14  Overlord  
  183  10:20  Spore Crawler, Drone  
  183  10:21  Zergling x8  
  187  10:22  Drone  
  187  10:25  Baneling  
  187  10:26  Baneling x5  
  187  10:27  Zergling x2  
  187  10:28  Zergling x2  
  190  10:30  Zergling x2  
  190  10:32  Zergling x2  
  190  10:33  Zergling x6  
  190  10:34  Baneling x4  
  195  10:41  Zergling x8  
  199  10:43  Baneling x9  
  197  10:50  Zergling x6  
  197  10:55  Zergling x18  
  179  10:59  Zergling x6  
  179  11:00  Zergling x2  
  179  11:02  Zergling x2  
  149  11:04  Mutalisk x2  
  149  11:05  Zergling x2  
  149  11:07  Mutalisk  
  149  11:10  Mutalisk, Baneling  
  156  11:16  Zergling x8  
  150  11:19  Zergling x8  
  150  11:22  Mutalisk x2  
  155  11:27  Zergling x4  
  154  11:32  Mutalisk  
  154  11:33  Mutalisk x2  
  154  11:34  Zergling x4  
  154  11:37  Zergling x10  
  149  11:41  Zergling x4  
  150  11:47  Zergling x6  
  150  11:50  Zergling x2  
  150  11:51  Zergling x6  
  152  12:01  Hatchery  
  152  12:06  Zergling x2  
  152  12:07  Zergling x10, Baneling  
  152  12:08  Baneling x19  
  157  12:12  Zergling x8  
  157  12:14  Baneling x5  
  161  12:17  Zergling x2  
  161  12:19  Drone  
  161  12:22  Baneling x10  
  163  12:23  Zergling x2  
  163  12:25  Zergling x4  
  163  12:27  Zergling x2  
  163  12:29  Zergling x2  
  168  12:30  Zergling x4  
  168  12:32  Zergling x2  
  168  12:33  Zergling x2  
  170  12:37  Zergling x8  
  174  12:44  Overlord  
  174  12:48  Overlord  
  174  12:49  Zergling x12  
  180  12:54  Mutalisk x2  
  180  12:58  Zergling x6  
  186  13:03  Mutalisk x2  
  186  13:05  Zergling x4  
  161  13:08  Zergling x6  
  163  13:13  Mutalisk x2  
  163  13:14  Zergling x2  
  163  13:18  Baneling x7  
  167  13:21  Baneling x6  
  167  13:22  Zergling x2  
  167  13:23  Zergling x2  
  167  13:25  Baneling x3  
  169  13:27  Zergling x4  
  169  13:31  Zergling x8  
  175  13:34  Baneling  
  175  13:35  Baneling x6  
  175  13:36  Zergling x4  
  175  13:37  Overseer  
  175  13:39  Zergling x4  
  179  13:44  Zergling x10  
  179  13:47  Zergling x6  
  187  13:49  Baneling x6  
  187  13:55  Baneling x5  
  187  13:56  Zergling x8  
  187  14:01  Zergling x10  
  192  14:04  Baneling x5  
  192  14:05  Baneling x2  
  192  14:08  Zergling x4, Overseer  
  192  14:09  Zergling x4  
  196  14:12  Extractor  
  196  14:16  Zergling x6  
  198  14:17  Overlord  
  198  14:18  Overlord  
  198  14:22  Overlord  
  198  14:28  Infestation Pit  
  198  14:30  Overlord  
  196  14:31  Baneling  
  196  14:32  Baneling x6  
  193  14:39  Zergling x12  
  193  14:42  Zergling x2  
  193  14:44  Zergling x8  
  151  14:57  Hatchery  
Tags
 
Add a new tag
Caveats
  • Supply blocks, unpowered buildings, or Contaminate may cause inaccurate times.
  • Supply counts are checked every 10 seconds.